 Dungeon Crawl Stone Soup version 0.25.0-26-g0c896c7088 (webtiles) character file.

Game seed: 8809470210234225927

16827 protoss039 the Eclecticist (level 12, -4/106 HPs)
             Began as a Deep Elf Earth Elementalist on July 3, 2020.
             Was a Believer of Kikubaaqudgha.
             Slain by a troll (8 damage)
             ... on level 10 of the Dungeon.
             The game lasted 00:39:49 (12822 turns).

protoss039 the Eclecticist (DEEE)                  Turns: 12822, Time: 00:39:50

Health: -4/106     AC:  8    Str: 10    XL:     12   Next: 13%
Magic:  34/34      EV: 13    Int: 26    God:    Kikubaaqudgha [**....]
Gold:   499        SH:  0    Dex: 19    Spells: 29/44 levels left

rFire    . . .     SeeInvis .   q - +11 executioner's axe of Tension {freeze, *Drain rC+ Str+5 Dex+4}
rCold    + . .     Gourm    .   (shield currently unavailable)
rNeg     . . .     Faith    .   j - +0 leather armour
rPois    .         Spirit   .   A - +0 helmet
rElec    .         Reflect  .   B - +2 cloak {MR+}
rCorr    .         Harm     .   I - +0 pair of gloves
MR       ++...                  (no boots)
Stlth    ..........             C - amulet of magic regeneration
HPRegen  0.27/turn              (no ring)
MPRegen  0.49/turn              (no ring)

@: berserking, studying Armour, very quick
A: no striking features
a: Receive Corpses, Renounce Religion


You were on level 10 of the Dungeon.
You worshipped Kikubaaqudgha.
Kikubaaqudgha was pleased with you.
You were hungry.

You visited 2 branches of the dungeon, and saw 12 of its levels.
You also visited: Bailey.

You collected 773 gold pieces.
You spent 274 gold pieces at shops.

Inventory:

Hand Weapons
 c - the +5 hand axe "Goxier" {vorpal, rC+ MR++ Int+3, unknown}
   (You found it on level 7 of the Dungeon)

   It inflicts extra damage upon your enemies.
   It affects your intelligence (+3).
   It protects you from cold.
   It affects your resistance to hostile enchantments.
 q - the +11 executioner's axe of Tension (weapon) {freeze, *Drain rC+ Str+5 Dex+4}
   (You took it off an orc knight in a bailey)

   It has been specially enchanted to freeze those struck by it, causing extra
   injury to most foes and up to half again as much damage against particularly
   susceptible opponents.
   It can also slow down cold-blooded creatures.
   It affects your strength (+5).
   It affects your dexterity (+4).
   It protects you from cold.
   It causes draining when unequipped.
Missiles
 b - 221 stones (quivered)
Armour
 j - a +0 leather armour (worn)
 A - a +0 helmet (worn)
 B - a +2 cloak of magic resistance (worn)
 I - a +0 pair of gloves (worn)
Magical Staves
 J - a cursed staff of summoning {unknown}
Jewellery
 o - an uncursed ring of ice
 r - a +4 ring of protection {unknown}
 y - an uncursed ring of resist corrosion {unknown}
 C - an amulet of magic regeneration (around neck)
Wands
 H - a wand of flame (17)
 K - a wand of paralysis (20)
 P - a wand of acid (8)
 Q - a wand of polymorph (6)
Scrolls
 e - 2 scrolls of amnesia {unknown}
 g - 5 scrolls of remove curse
 n - 3 scrolls of enchant weapon {unknown}
 p - 2 scrolls of teleportation
 u - 2 scrolls of enchant armour
 w - a scroll of blinking {unknown}
 x - 4 scrolls of magic mapping
 E - a scroll of immolation {unknown}
 G - 2 scrolls of fear {unknown}
 S - a scroll of noise {unknown}
 V - a scroll of vulnerability {unknown}
Potions
 a - a potion of flight
 h - 4 potions of resistance
 i - 2 potions of ambrosia
 k - 2 potions of brilliance
 l - 3 potions of haste
 m - 2 potions of stabbing
 s - 3 potions of cancellation
 t - 8 potions of curing
 v - a potion of lignification {unknown}
 D - a potion of mutation {unknown}
 F - 5 potions of heal wounds
 M - a potion of might {unknown}
 O - a potion of degeneration {unknown}
 R - a potion of invisibility {unknown}
 T - 2 potions of magic
Books
 L - a manual of Armour
Comestibles
 d - 25 rations


   Skills:
 * Level 6.6 Fighting
 + Level 5.4 Axes
 - Level 2.4 Dodging
 - Level 2.4 Stealth
 + Level 16.6 Spellcasting
 - Level 1.6 Conjurations
 + Level 1.3 Transmutations
 - Level 12.9 Earth Magic


You had 29 spell levels left.
You knew the following spells:

 Your Spells              Type           Power        Failure   Level  Hunger
a - Sandblast             Erth           ######       0%          1    None
b - Passwall              Tmut/Erth      ######..     1%          2    None
c - Stone Arrow           Conj/Erth      ######       1%          3    None
d - Petrify               Tmut/Erth      ######..     1%          4    None
e - Lee's Rapid Deconstr  Erth           ######....   1%          5    None

Your spell library contained the following spells:

 Spells                   Type           Power        Failure   Level  Hunger
 Animate Skeleton         Necr           N/A          3%          1    None
 Apportation              Tloc           ###...       3%          1    None
 Corona                   Hex            ###....      3%          1    None
 Pain                     Necr           ###.         3%          1    None
 Summon Small Mammal      Summ           ###.         3%          1    None
 Corpse Rot               Necr/Air       N/A          4%          2    None
 Sublimation of Blood     Necr           ###.......   4%          2    None
 Vampiric Draining        Necr           ###.......   10%         3    None


Dungeon Overview and Level Annotations

Branches:
Dungeon (11/15)            Temple (1/1) D:6          Bailey (visited)
   Lair: D:8-11         Orc: D:9-12

Altars:
Ashenzari
Cheibriados
Dithmenos
Elyvilon
Fedhas
Gozag
Hepliaklqana
Kikubaaqudgha
Makhleb
Nemelex Xobeh
Okawaru
Qazlal
Ru
Sif Muna
Trog
Uskayaw
Vehumet
Wu Jian
Xom
Yredelemnul
Zin
The Shining One
Beogh

Shops:
D:4 *?*[   D:6 :   D:7 =   D:9 *

Portals:
Trove: D:10 (give 6 scrolls of blinking)

Annotations:
D:10 1 exclusion


Message History

Unknown command.
Okay, then.
A red film seems to cover your vision as you go berserk!
You feel yourself moving faster!
You feel mighty!
The two-headed ogre hits you with a +0 giant club.
The two-headed ogre hits you with a +0 giant spiked club.
The troll closely misses you. The troll claws you but does no damage.
The troll claws you.
* * * LOW HITPOINT WARNING * * *
Unknown command.
Unknown command.
You completely miss the troll. You slash the two-headed ogre!
You freeze the two-headed ogre. The two-headed ogre closely misses you.
The two-headed ogre hits you with a +0 giant spiked club!!
* * * LOW HITPOINT WARNING * * *
The troll bites you.
* * * LOW HITPOINT WARNING * * *
The troll claws you!
You die...
Kikubaaqudgha rasps: "You have failed me!
Welcome... death!"

#################################
.........[[....O@T...............
.........)[).#####.......#######.
........####.# #.#####.# #.
........# #.# #.# #.# #.
........# #.# #.# #.# #.
........# #.# #.# #.# #.
........# #.# #.# #.# #.
........# #.# #.# #.# #.
........# #.# #.# #.# #.


You could see a two-headed ogre and a troll.

Vanquished Creatures
  A death yak (D:10)
  2 two-headed ogres
  An orc knight (Bailey)
  Maurice (D:8)
  Psyche (D:9)
  A centaur skeleton (D:9)
  2 trolls
  Prince Ribbit (D:8)
  2 wyverns
  Eustachio (D:5)
  Edmund (D:6)
  A porcupine (D:11)
  18 orc warriors
  3 ice beasts
  A sky beast (D:5)
  2 black bears
  4 phantoms
  2 necrophages
  6 ogres
  2 centaurs
  Blork the orc (D:4)
  A big kobold (D:8)
  7 bullfrogs
  4 scorpions
  6 killer bees (D:7)
  5 howler monkeys
  6 crimson imps
  A hound (D:10)
  A centaur zombie (D:10)
  6 orc wizards
  7 orc priests
  3 jellies
  2 gnoll shamans
  3 iguanas
  11 worker ants
  A hell rat (D:11)
  A hound skeleton (D:8)
  2 hound zombies
  Robin (D:3)
  7 gnolls
  A howler monkey skeleton (D:2)
  16 adders
  A shadow imp (D:5)
  An ooze (D:5)
  3 adder skeletons
  2 worms
  7 dart slugs
  3 leopard geckos
  62 orcs
  7 giant cockroaches
  19 goblins
  9 hobgoblins
  10 jackals
  11 kobolds
  2 quokkas
  3 ball pythons
  11 bats
  6 frilled lizards
  2 quokka zombies (D:6)
  6 rats
311 creatures vanquished.

Notes
Turn   | Place    | Note
-------+----------+-------------------------------------------
     0 | D:1      | protoss039 the Deep Elf Earth Elementalist began the quest
                  | for the Orb.
     0 | D:1      | Reached XP level 1. HP: 10/10 MP: 6/6
   393 | D:1      | Reached XP level 2. HP: 15/15 MP: 2/8
   633 | D:1      | Learned a level 2 spell: Passwall
   732 | D:1      | Reached XP level 3. HP: 19/19 MP: 8/10
   805 | D:1      | Reached skill level 4 in Spellcasting
  1526 | D:1      | Learned a level 3 spell: Stone Arrow
  1642 | D:2      | Reached XP level 4. HP: 19/24 MP: 12/12
  1711 | D:2      | Found a shattered altar of Ashenzari.
  2571 | D:3      | Reached skill level 5 in Spellcasting
  2817 | D:3      | Reached skill level 5 in Earth Magic
  2991 | D:3      | Reached XP level 5. HP: 28/28 MP: 11/14
  3470 | D:3      | Noticed Robin
  3475 | D:3      | Killed Robin
  3843 | D:3      | Found a faded altar of an unknown god.
  3998 | D:4      | Reached skill level 6 in Spellcasting
  4209 | D:4      | Found Daobon's General Store.
  4274 | D:4      | Reached XP level 6. HP: 32/32 MP: 10/17
  4318 | D:4      | Noticed Blork the orc
  4324 | D:4      | Killed Blork the orc
  4571 | D:4      | Reached skill level 7 in Spellcasting
  4738 | D:4      | Found Mariv's Armour Shoppe.
  4741 | D:4      | Bought a +1 cloak of magic resistance for 181 gold pieces
  4801 | D:4      | Reached XP level 7. HP: 33/36 MP: 7/19
  4962 | D:4      | Found Riuk's Magic Scroll Shop.
  4979 | D:4      | Bought a scroll of identify for 20 gold pieces
  4979 | D:4      | Bought a scroll of identify for 20 gold pieces
  4979 | D:4      | Bought a scroll of identify for 20 gold pieces
  5022 | D:4      | Found Yggeavih's Serpentskin Sales.
  5228 | D:4      | Learned a level 4 spell: Petrify
  5234 | D:4      | Learned a level 5 spell: Lee's Rapid Deconstruction
  5235 | D:5      | Entered Level 5 of the Dungeon
  5310 | D:5      | Found a glowing silver altar of Zin.
  5512 | D:5      | Found an opulent altar of Gozag.
  5575 | D:5      | Reached skill level 8 in Spellcasting
  5715 | D:5      | Found a snail-covered altar of Cheibriados.
  5726 | D:5      | Reached skill level 1 in Conjurations
  5937 | D:5      | Reached skill level 13 in Spellcasting
  5937 | D:5      | Reached XP level 8. HP: 41/41 MP: 22/27
  6085 | D:5      | Found a shadowy altar of Dithmenos.
  6264 | D:5      | Noticed Eustachio
  6272 | D:5      | Killed Eustachio
  6432 | D:5      | Found a blossoming altar of Fedhas.
  6465 | D:6      | Noticed Edmund
  6469 | D:6      | Killed Edmund
  6469 | D:6      | Reached XP level 9. HP: 45/45 MP: 17/28
  6480 | D:6      | Found Waoran's Book Shoppe.
  6665 | D:6      | Found a staircase to the Ecumenical Temple.
  6672 | Temple   | Entered the Ecumenical Temple
  7139 | D:6      | Reached skill level 14 in Spellcasting
  7664 | D:7      | Found a bloodstained altar of Trog.
  7709 | D:7      | Found a flagged portal.
  7718 | Bailey   | Entered a bailey
  8144 | Bailey   | Identified the +11 executioner's axe of Tension {freeze,
                  | *Drain rC+ Str+5 Dex+4}
  8144 | Bailey   | Noticed an orc knight
  8171 | Bailey   | Killed an orc knight
  8171 | Bailey   | Reached XP level 10. HP: 50/50 MP: 0/30
  8299 | Bailey   | Found a roughly hewn altar of Beogh.
  8748 | D:7      | Reached skill level 15 in Spellcasting
  8835 | D:7      | Found a hide-covered altar of Uskayaw.
  8946 | D:7      | Found a sacrificial altar of Ru.
  8952 | D:7      | Found Jiaw's Jewellery Boutique.
  9154 | D:7      | Got a crystal hand axe
  9209 | D:8      | Noticed Maurice
  9217 | D:8      | Reached skill level 5 in Fighting
  9217 | D:8      | Reached XP level 11. HP: 64/64 MP: 23/32
  9219 | D:8      | Killed Maurice
  9243 | D:8      | Noticed Prince Ribbit
  9245 | D:8      | Killed Prince Ribbit
  9325 | D:8      | Found a white marble altar of Elyvilon.
  9549 | D:8      | Found an iron altar of Okawaru.
  9550 | D:8      | Noticed a two-headed ogre
  9554 | D:8      | Killed a two-headed ogre
  9901 | D:8      | Found an ancient bone altar of Kikubaaqudgha.
  9921 | D:8      | Became a worshipper of Kikubaaqudgha
 10295 | D:9      | Found a shimmering blue altar of Sif Muna.
 10377 | D:9      | Noticed Psyche
 10383 | D:9      | Killed Psyche
 10471 | D:9      | Found Jacsoqafe's Assorted Antiques.
 10480 | D:9      | Bought a scroll labeled JUVOMA CAUMU for 33 gold pieces
 10601 | D:9      | Found a burning altar of Makhleb.
 11366 | D:10     | Entered Level 10 of the Dungeon
 11556 | D:10     | Reached skill level 16 in Spellcasting
 11575 | D:10     | Reached * piety under Kikubaaqudgha
 11575 | D:10     | Identified Kikubaaqudgha's Guide on Sinister Secrets
                  | (Kikubaaqudgha gifted it to you on level 10 of the Dungeon)
 11575 | D:10     | Received a gift from Kikubaaqudgha
 11937 | D:10     | Reached skill level 5 in Axes
 11964 | D:10     | Reached ** piety under Kikubaaqudgha
 11978 | D:10     | Found a roughly hewn altar of Beogh.
 12081 | D:10     | Found a portal to a secret trove of treasure.
 12328 | D:11     | Noticed a death yak
 12329 | D:11     | Noticed a death yak
 12337 | D:10     | Reached XP level 12. HP: 46/71 MP: 34/34
 12466 | D:10     | Noticed a two-headed ogre
 12470 | D:10     | Killed a two-headed ogre
 12573 | D:11     | Noticed a death yak
 12584 | D:10     | Killed a death yak
 12816 | D:11     | Noticed a two-headed ogre
 12822 | D:10     | HP: 4/106 [troll (5)]
 12822 | D:10     | Slain by a troll

Illustrated notes

Levels and vault maps discovered:
D:1:      evilmike_arrival_rings, layout_basic, minmay_cut_off
D:2:      layout_basic, evilmike_ruin_ashenzari
D:3:      layout_basic, chequers_ecumenical_altar_grove, uniq_robin
D:4:      minmay_angry_zag, layout_basic, serial_shops, kennysheep_mini,
          kennysheep_mini_moat, shop, first_ration, guppyfry_shop_venom,
          uniq_blork_the_orc
D:5:      layout_cave_pods, kennysheep_little_box, lemuel_doored_altar,
          overflow_temple_1_default, fedhas_altar_fruit_tree,
          nicolae_dithmenos_through_a_glass_darkly, uniq_eustachio
D:6:      layout_loops_ring, minmay_temple_entry_trees, serial_shops,
          nicolae_shop_stone, uniq_edmund
D:7:      layout_loops_corners, eat_drink_and_be_merry_uskayaw,
          overflow_temple_1_default, lemuel_crystal_altar, serial_shops,
          nicolae_shop_window_shopping, enter_bailey_3, grunt_ogre_cave
D:8:      lemuel_upstairs_altar, layout_loops_ring, marbit_many_paths,
          elyvilon_altar_5, overflow_temple_1_default, uniq_maurice,
          uniq_prince_ribbit1
D:9:      layout_layer_cave, nicolae_overflow_crystal_walls,
          overflow_temple_1_default, serial_shops, nicolae_shop_stone,
          uniq_psyche
D:10:     layout_long_grid, nicolae_trove_entry_columns, special_room
          [special_room_orc]
D:11:     minmay_the_grid_triangle_9x9_recursive_2_mashed
          [minmay_the_grid_triangle_9x9_prize_special,
          minmay_the_grid_triangle_9x9_intruding_spiral,
          minmay_the_grid_triangle_9x9_minimal,
          minmay_the_grid_triangle_9x9_cache], layout_stronghold,
          dpeg_lair_monsters, orc_0_dummy, serial_glass, glass_columns_b,
          glass_columns_a, grunt_ministairs_6
Temple:   compressed_dpeg_triangle_lava_temple

Skill      XL: |  1  2  3  4  5  6  7  8  9 10 11 |
---------------+----------------------------------+-----
Earth Magic    | 4 5 6 11 12 | 12.9
Spellcasting   | 4 5 6 7 13 14 15 16 | 16.6
Conjurations   | 1 |  1.6
Fighting       | 5 6 |  6.6
Axes           | 3 5 |  5.4
Dodging        | |  2.4
Stealth        | |  2.4
Transmutations | |  1.3

Action                   |  1- 3 |  4- 6 |  7- 9 | 10-12 || total
-------------------------+-------+-------+-------+-------++-------
Melee: Unarmed           |     6 |       |       |       ||     6
       Spear             |    22 |    93 |       |       ||   115
       Executioner's axe |       |       |       |    83 ||    83
 Cast: Sandblast         |    55 |    49 |    46 |    37 ||   187
       Stone Arrow       |       |    20 |    48 |    40 ||   108
       Lee's Rapid Decon |       |       |    31 |    53 ||    84
       Petrify           |       |       |     2 |     3 ||     5
  Use: Scroll            |       |     4 |    15 |     3 ||    22
       Potion            |       |       |     2 |     3 ||     5
 Stab: Sleeping          |     1 |     6 |       |     3 ||    10
       Distracted        |       |     1 |       |     1 ||     2
  Eat: Chunk             |     1 |    11 |    12 |    12 ||    36
       Ration            |       |       |       |     1 ||     1
Armor: Robe              |    22 |    16 |     2 |       ||    40
       Leather armour    |       |       |     7 |    27 ||    34
Dodge: Dodged            |    44 |    63 |    18 |    70 ||   195
